 Dungeon Crawl Stone Soup version 0.30-a0-29-g142975f185 (webtiles) character file.

Game seed: 8059541757232611705

4754 Spectrina the Frost Mage (level 10, 0/54 HPs)
             Began as a Deep Elf Monk on Aug 26, 2022.
             Was an Elder of Qazlal.
             Asphyxiated
             ... on level 8 of the Dungeon on Aug 27, 2022.
             The game lasted 01:02:07 (5082 turns).

Spectrina the Frost Mage (Deep Elf Monk)            Turns: 5082, Time: 01:02:08

Health: 0/54       AC:  8    Str:  8    XL:     10   Next: 23%
Magic:  13/24      EV: 13    Int: 20    God:    Qazlal [****..]
Gold:   385        SH:  5    Dex: 17    Spells: 9/26 levels left

rFire   x x .      SeeInvis .    v - staff of conjuration
rCold   + + .      Faith    .    (no shield)
rNeg    . . .      Spirit   .    p - +3 leather armour
rPois   .          Reflect  .    I - +1 hat
rElec   .          Harm     .    E - +0 cloak
rCorr   .          Rampage  .    (no gloves)
Will    +....                    (no boots)
Stlth   ++........               (no amulet)
HPRegen 0.18/turn                h - ring of ice
MPRegen 0.19/turn                L - ring of ice

@: lethally poisoned (0 -> -13), repel missiles
A: no striking features
a: Renounce Religion, Upheaval, Elemental Force


You were on level 8 of the Dungeon.
You worshipped Qazlal.
Qazlal was greatly pleased with you.
You visited 1 branch of the dungeon, and saw 8 of its levels.
You also visited: Ossuary.

You collected 385 gold pieces.

Inventory:

Hand Weapons
 a - a +0 short sword
 e - a +0 whip of electrocution
 r - a +0 triple crossbow
 J - a +2 dagger of chaos
 P - a +0 hand axe of electrocution
 Q - a +2 flail of holy wrath
 U - a +3 halberd
Missiles
 j - 2 curare-tipped darts (quivered)
 t - 7 poisoned darts
Armour
 k - the +1 ring mail of Wughadag {rN+ Dex+3}
   (You found it on level 3 of the Dungeon)

   Dex:       It affects your dexterity (+3).
   rN:        It protects you from negative energy.
 m - a +0 helmet
 p - a +3 leather armour (worn)
 E - a +0 cloak (worn)
 H - a +0 robe
 I - a +1 hat (worn)
Magical Staves
 b - a staff of poison
 c - a staff of death
 v - a staff of conjuration (weapon)
 x - a staff of air
Jewellery
 g - a ring of flight
 h - a ring of ice (left hand)
 D - a ring of protection from fire
 L - a ring of ice (right hand)
Wands
 K - a wand of acid (5)
 M - a wand of mindburst (29)
 O - a wand of digging (5)
Scrolls
 d - 2 scrolls of vulnerability
 f - 3 scrolls of enchant weapon {unknown}
 u - a scroll of amnesia
 w - 4 scrolls of teleportation {unknown}
 y - 2 scrolls of fear
 A - a scroll of summoning {unknown}
 N - a scroll of immolation
 R - a scroll of brand weapon
 S - a scroll of identify
 T - a scroll of noise {unknown}
 V - a scroll of blinking {unknown}
Potions
 i - 3 potions of flight
 l - a potion of berserk rage {unknown}
 n - 6 potions of heal wounds
 o - a potion of magic
 q - a potion of mutation {unknown}
 s - 2 potions of degeneration {unknown}
 z - a potion of haste
 B - a potion of cancellation
 C - a potion of might {unknown}
 F - 3 potions of curing
 G - 3 potions of attraction {unknown}


   Skills:
 - Level 2.4 Fighting
 - Level 3.0 Short Blades
 - Level 3.6 Dodging
 - Level 6.0 Stealth
 + Level 8.6 Spellcasting
 + Level 7.0 Conjurations
 * Level 9.8 Ice Magic
 + Level 6.8 Invocations


You had 9 spell levels left.
You knew the following spells:

 Your Spells              Type           Power      Damage    Failure   Level
a - Magic Dart            Conj           100%       1d8       1%          1
d - Stone Arrow           Conj/Erth      68%        3d11      9%          3
f - Freeze                Ice            100%       1d11      1%          1
l - Mephitic Cloud        Conj/Pois/Air  27%        N/A       13%         3
q - Frozen Ramparts       Ice            100%       1d16      1%          3
r - Hailstorm             Conj/Ice       97%        3d19      3%          4
x - Passwall              Tmut/Erth      6%         N/A       19%         2

Your spell library contained the following spells:

 Spells                   Type           Power      Damage    Failure   Level
 Sandblast                Erth           16%        2d6       12%         1
 Call Imp                 Summ           8%         N/A       19%         2


Dungeon Overview and Level Annotations

Branches:
Dungeon (8/15)             Temple (0/1) D:6            Lair (0/5) D:8
Ossuary (visited)

Altars:
Gozag
Makhleb
Qazlal
Vehumet
Xom
The Shining One


Message History

The bolt of electricity hits you!
Fire: r) +0 triple crossbow
Press: ? - help, Q - select action, (/) - cycle Shift-Dir - straight line, f/p - electric eel
Aim: an electric eel (water, 32% to hit)
You shoot a bolt.
The bolt closely misses the electric eel.
The electric eel shoots out a bolt of lightning at you!
The bolt of electricity hits you!
* * * LOW HITPOINT WARNING * * *
The electric eel shoots out a bolt of lightning at you!
The bolt of electricity hits you!
* * * LOW HITPOINT WARNING * * *
Unknown command.
v - a staff of conjuration (weapon)
You hear a shout!
You hear a shout!
A kobold comes into view.
It is wielding a +0 dagger and quivering poisoned darts.
Unknown command.
Casting: Hailstorm (dangerous; 3% risk of failure)
Confirm with . or Enter, or press ? or * to list all spells.
Casting: Frozen Ramparts (safe; 1% risk of failure)
Press: ? - help, Dir - look around, f - activate You feel a strong surge of power!
The walls around you are covered in ice.
You hear a shout!
Unknown command.
You hear a shout!
The wall freezes the kobold!
You kill the kobold!
Qazlal accepts your kill.
The frozen ramparts melt away as you move.
A kobold brigand comes into view.
It is wielding a +0 dagger and quivering curare-tipped darts.
The kobold brigand shouts!
The kobold brigand throws a curare-tipped dart.
The curare-tipped dart completely misses you.
The kobold brigand throws a curare-tipped dart.
The curare-tipped dart hits you.
You are lethally poisoned!
You have difficulty breathing.
You die...

.~≈≈≈≈~~....~.#
..~~~~≈~~.....#
...#........>#*
...~.........#
..~♣~........#
.P~~.........#
..~~P........#
..P..........###########
................@).....#***
...#.........#########K.,,*
...#.....)..## **~**~,,,**
####........#* **~~~~~*,*~*
..##.........#
**~~~~~~~,~~**
...#.........#
*~~~~~~~~,~~~***
...#.........#
***~~~~~~,~~~*~*
...#........,*
**~~~~~~,~~~~**
...#,,,,,,,,,*
*~~~~~~~,~~~~**


You could see a kobold brigand.

Vanquished Creatures
  An ugly thing (D:8)
  A troll (D:8)
  Grinder (D:5)
  A hornet (D:5)
  Menkaure (D:5)
  2 water moccasins
  Duvessa (D:4)
  2 ice beasts
  Pargi (D:3)
  3 orc warriors (D:7)
  3 black bears
  An ogre (D:5)
  2 sky beasts (D:7)
  4 wolves (D:8)
  3 bullfrogs
  A necrophage (D:8)
  A scorpion (D:6)
  8 wights
  Dowan (D:4)
  A killer bee (D:5)
  2 electric eels (D:8)
  A howler monkey (D:6)
  A crimson imp (D:6)
  5 hounds
  A gnoll bouda (D:8)
  4 orc priests
  4 jellies
  2 iguanas (D:5)
  3 orc wizards
  12 mummies (Ossuary)
  6 adders
  2 gnolls (D:8)
  2 shadow imps
  2 white imps
  3 ufetubi
  A worm (D:5)
  4 dart slugs
  26 orcs
  6 endoplasms
  5 giant cockroaches
  7 goblins
  12 hobgoblins
  2 quokkas
  7 ball pythons
  A frilled lizard (D:3)
  A gnoll skeleton (Ossuary)
  4 goblin skeletons (Ossuary)
  6 kobolds
  2 kobold skeletons (Ossuary)
  An orc skeleton (Ossuary)
  A rat (D:3)
  11 rat skeletons (Ossuary)
186 creatures vanquished.

Vanquished Creatures (others)
  11 plants (D:8)
11 creatures vanquished.

Grand Total: 197 creatures vanquished

Notes
Turn   | Place    | Note
-------+----------+-------------------------------------------
     0 | D:1      | Spectrina the Deep Elf Monk began the quest for the Orb.
     0 | D:1      | Reached XP level 1. HP: 13/13 MP: 3/3
   122 | D:2      | Reached XP level 2. HP: 18/18 MP: 4/4
   278 | D:3      | Identified the +1 ring mail of Wughadag {rN+ Dex+3}
   592 | D:1      | Reached XP level 3. HP: 22/22 MP: 5/5
   618 | D:1      | Learned a level 1 spell: Magic Dart
  1101 | D:3      | Learned a level 1 spell: Freeze
  1112 | D:3      | Found a stormy altar of Qazlal.
  1131 | D:3      | Became a worshipper of Qazlal Stormbringer
  1131 | D:3      | Reached * piety under Qazlal
  1131 | D:3      | Reached ** piety under Qazlal
  1365 | D:5      | Entered Level 5 of the Dungeon
  1365 | D:5      | Noticed an ogre
  1398 | D:4      | Reached skill level 1 in Spellcasting
  1514 | D:4      | Noticed Dowan
  1515 | D:4      | Noticed Duvessa
  1542 | D:4      | Killed Duvessa
  1543 | D:4      | Reached skill level 5 in Stealth
  1543 | D:4      | Reached skill level 1 in Conjurations
  1543 | D:4      | Reached skill level 1 in Ice Magic
  1543 | D:4      | Reached skill level 1 in Invocations
  1543 | D:4      | Reached XP level 4. HP: 17/27 MP: 4/10
  1543 | D:4      | Reached XP level 5. HP: 20/31 MP: 4/11
  1543 | D:4      | Killed Dowan
  1544 | D:4      | Reached skill level 2 in Ice Magic
  1556 | D:4      | Noticed a black bear
  1605 | D:4      | Learned a level 4 spell: Hailstorm
  1609 | D:4      | Learned a level 3 spell: Frozen Ramparts
  1638 | D:3      | Noticed Pargi
  1652 | D:3      | Killed Pargi
  1653 | D:3      | Reached XP level 6. HP: 28/36 MP: 1/13
  2160 | D:5      | Noticed Menkaure
  2232 | D:4      | Reached skill level 3 in Ice Magic
  2265 | D:5      | Noticed an ice beast
  2286 | D:5      | Killed Menkaure
  2287 | D:5      | Reached XP level 7. HP: 28/40 MP: 1/15
  2416 | D:5      | Noticed a hornet
  2430 | D:5      | Killed a hornet
  2431 | D:5      | Reached skill level 4 in Ice Magic
  2498 | D:5      | Noticed Grinder
  2517 | D:5      | Killed Grinder
  2518 | D:5      | Reached skill level 5 in Ice Magic
  2547 | D:5      | Reached skill level 5 in Spellcasting
  2547 | D:5      | Reached XP level 8. HP: 38/45 MP: 11/17
  2796 | D:5      | Reached skill level 6 in Ice Magic
  2945 | D:6      | Found a staircase to the Ecumenical Temple.
  3050 | D:6      | Reached skill level 5 in Conjurations
  3135 | D:6      | Found a glowing golden altar of the Shining One.
  3180 | D:6      | Found a shimmering altar of Xom.
  3186 | D:6      | Found a burning altar of Makhleb.
  3243 | D:6      | Reached skill level 7 in Ice Magic
  3304 | D:6      | Reached *** piety under Qazlal
  3312 | D:6      | Reached skill level 5 in Invocations
  3312 | D:6      | Reached XP level 9. HP: 49/49 MP: 9/20
  3336 | D:6      | Found a radiant altar of Vehumet.
  3336 | D:6      | Found an opulent altar of Gozag.
  3754 | D:7      | Reached skill level 8 in Ice Magic
  4073 | D:8      | Noticed a troll
  4077 | D:8      | Killed a troll
  4078 | D:8      | Reached skill level 9 in Ice Magic
  4285 | D:8      | Reached XP level 10. HP: 21/54 MP: 18/24
  4435 | D:8      | Found a sand-covered staircase.
  4440 | Ossuary  | Entered an ossuary
  4450 | Ossuary  | Reached **** piety under Qazlal
  4644 | Ossuary  | Learned a level 3 spell: Mephitic Cloud
  4966 | D:8      | Noticed a red ugly thing
  4988 | D:8      | Killed a purple ugly thing
  5029 | D:8      | Learned a level 2 spell: Passwall
  5040 | D:8      | Learned a level 3 spell: Stone Arrow
  5050 | D:8      | Found a staircase to the Lair.
  5082 | D:8      | Asphyxiated

Illustrated notes

Levels and vault maps discovered:
D:1:      ncdulo_lavacross, layout_basic
D:2:      layout_basic, ebering_ecumenical_altar_mist
D:3:      layout_basic, nicolae_qazlal_scattered_showers, uniq_pargi
D:4:      layout_layer_cave, uniq_duvessa
D:5:      minmay_diamond_boxcup, layout_rooms, uniq_menkaure, uniq_grinder
D:6:      layout_loops_ring, grunt_temple_overflow_champion_of_chaos,
          lemuel_crystal_altar, gammafunk_temple_overflow_wave,
          temple_fountains, serial_glass, glass_columns_a, glass_columns_b
D:7:      layout_basic, hangedman_decor_lopped
D:8:      layout_gridville, erik_lair_island, serial_bayou, serial_bayou_pond_c,
          serial_bayou_pond_d, serial_bayou_lagoon_b, serial_bayou_lagoon_a,
          serial_bayou_pond_a, lightli_ossuary_entry_decrepit_ruins

Skill      XL: |  1  2  3  4  5  6  7  8  9 10 |
---------------+-------------------------------+-----
Stealth        | 3 4 5 6 |  6.0
Spellcasting   | 2 3 4 5 6 8 |  8.6
Conjurations   | 1 2 3 5 6 7 |  7.0
Ice Magic      | 1 2 3 5 7 9 |  9.8
Invocations    | 1 2 3 5 6 |  6.8
Fighting       | |  2.4
Short Blades   | |  3.0
Dodging        | |  3.6

Action                   |  1- 3 |  4- 6 |  7- 9 | 10-12 || total
-------------------------+-------+-------+-------+-------++-------
Melee: Short sword       |   125 |     9 |    10 |       ||   144
       Unarmed           |       |     1 |       |       ||     1
       Punch             |       |       |     1 |       ||     1
       Hand axe          |       |       |    13 |       ||    13
       Whip              |       |       |     7 |     8 ||    15
       Staff             |       |       |       |     3 ||     3
 Fire: Triple crossbow   |       |       |    48 |    27 ||    75
Throw: Dart              |     3 |       |       |       ||     3
       Javelin           |       |     2 |     6 |       ||     8
 Cast: Magic Dart        |    14 |    42 |    50 |     4 ||   110
       Freeze            |     5 |    10 |    33 |     3 ||    51
       Frozen Ramparts   |       |     3 |    26 |    11 ||    40
       Hailstorm         |       |       |    16 |    24 ||    40
       Mephitic Cloud    |       |       |       |     2 ||     2
Invok: Upheaval          |       |       |     3 |       ||     3
Evoke: Wand              |       |       |     9 |       ||     9
  Use: Potion            |     1 |     1 |     3 |       ||     5
       Scroll            |       |       |     6 |     4 ||    10
 Stab: Sleeping          |    11 |       |       |       ||    11
       Confused          |       |       |       |     2 ||     2
Armor: Robe              |     4 |       |       |       ||     4
       Ring mail         |    18 |       |       |       ||    18
       Leather armour    |    12 |    12 |    26 |     6 ||    56
Dodge: Dodged            |    60 |    24 |    74 |     9 ||   167
       Repelled          |       |       |       |     1 ||     1
Block: Other             |     3 |     5 |    11 |     3 ||    22

Table legend: (Time is in decaauts)
 A = Elapsed time spent in this place.
 B = Non-inter-level travel time spent in this place.
 C = Inter-level travel time spent in this place.
 D = Time resting spent in this place.
 E = Time spent auto-exploring this place.
 F = Levels seen in this place.
 G = Mean time per level.
                   A        B        C        D        E       F      G
               +--------+--------+--------+--------+--------+-----+--------+
         Total |   5173 |   4757 |    416 |     48 |      0 |   9 |  574.8 |
       Dungeon |   4822 |   4406 |    416 |     48 |      0 |   8 |  602.8 |
       Ossuary |    351 |    351 |      0 |      0 |      0 |   1 |  351.0 |
               +--------+--------+--------+--------+--------+-----+--------+

Top non-repeatable levels by time:
     D:7: 747 daAuts
     D:4: 725 daAuts
     D:5: 663 daAuts
     D:6: 653 daAuts
     D:1: 620 daAuts
     D:3: 591 daAuts
     D:8: 515 daAuts
 Ossuary: 351 daAuts
     D:2: 305 daAuts
